 Dungeon Crawl Stone Soup version 0.22-a0-389-g8519d86 (webtiles) character file.

21 Iko the Insei (level 3, -2/22 HPs)
             Began as a Halfling Transmuter on Apr 30, 2018.
             Slain by an adder (4 damage)
             ... on level 3 of the Dungeon on May 8, 2018.
             The game lasted 00:08:45 (691 turns).

Iko the Insei (Halfling Transmuter)                  Turns: 691, Time: 00:08:46

Health: -2/22      AC:  5    Str: 11 (12) XL:     3   Next: 2%
Magic:  5/5        EV: 13    Int:  9 (11) God:
Gold:   40         SH:  0    Dex: 12 (14) Spells: 4/5 levels left

rFire    x . .     SeeInvis .   f - +0 whip
rCold    + . .     Gourm    .   (shield restricted)
rNeg     . . .     Faith    .   c - +0 ring mail
rPois    .         Spirit   .   (no helmet)
rElec    .         Reflect  .   (no cloak)
rCorr    .         Harm     .   (no gloves)
MR       .....                  (no boots)
Stlth    +.........             (no amulet)
HPRegen  0.07/turn              a - ring of ice
MPRegen  0.09/turn              (no ring)

@: lethally poisoned (-2 -> -11)
A: small, mutation resistance 1
a: no special abilities


You were on level 3 of the Dungeon.
You were not hungry.

You visited 1 branch of the dungeon, and saw 3 of its levels.

You collected 40 gold pieces.

Inventory:

Hand Weapons
 f - a +0 whip (weapon)
Missiles
 e - 18 poisoned needles (quivered)
Armour
 c - a +0 ring mail (worn)
Jewellery
 a - a ring of ice (left hand)
Comestibles
 d - 4 rations


   Skills:
 + Level 0.8 Fighting
 + Level 0.4 Maces & Flails
 + Level 2.4 Dodging
 + Level 2.6 Unarmed Combat
 + Level 1.8 Spellcasting
 + Level 1.4 Transmutations


You had 4 spell levels left.
You knew the following spells:

 Your Spells              Type           Power        Failure   Level  Hunger
a - Beastly Appendage     Tmut           #.....       41%         1    ##.....


Dungeon Overview and Level Annotations

Branches:
Dungeon (3/15)

Altars:


Innate Abilities, Weirdness & Mutations

You are small and have problems with some larger weapons.
You are somewhat resistant to further mutation.


Message History

The adder barely misses you.
You closely miss the adder.
The adder is almost dead.
You feel sick. The adder closely misses you. The adder misses you.
You barely miss the adder.
The adder is almost dead.
The adder bites you.
* * * LOW HITPOINT WARNING * * *
You are lethally poisoned!
The adder poisons you!
You hit the adder but do no damage.
The adder is almost dead.
* * * LOW HITPOINT WARNING * * *
You feel sick. The adder bites you but does no damage.
The adder barely misses you.
You miss the adder. Your punch misses the adder.
The adder is almost dead.
* * * LOW HITPOINT WARNING * * *
You feel sick. The adder bites you.
You die...

#... #..# #. #.....###.#
##..# ##.###.....#.... . .
.... ..........#.###
.##.###..#####..#..........
.. ..................#.###
#. .......(.............
#.##..###.#####..#.......†..
.........wS@............†...
#.##..##########.#######....
.... #.# #.### #### #.# #.#
### ###


You could see a worm and an adder.

Vanquished Creatures
  A worm (D:2)
  5 bats
  2 hobgoblins (D:1)
  3 kobolds (D:1)
  A ball python (D:1)
  3 frilled lizards (D:1)
  3 rats
18 creatures vanquished.

Notes
Turn   | Place    | Note
-------+----------+-------------------------------------------
     0 | D:1      | Iko the Halfling Transmuter began the quest for the Orb.
     0 | D:1      | Reached XP level 1. HP: 12/12 MP: 3/3
   184 | D:1      | Reached XP level 2. HP: 15/18 MP: 4/4
   655 | D:3      | Reached XP level 3. HP: 11/22 MP: 5/5
   691 | D:3      | Slain by an adder

Vault maps used:
D:1:      erik_arrival_triangle_small, minmay_misc_feat_chi,
          hangedman_decor_diamond_cutter, minmay_domino_4
D:2:      uniq_natasha
D:3:      chequers_ecumenical_altar_simple_redux, elyvilon_altar_5, uniq_jessica

Action                   || total
-------------------------++-------
Melee: Unarmed           ||    52
       Whip              ||    40
 Cast: Beastly Appendage ||     1
  Use: Scroll            ||     4
       Potion            ||     2
Armor: Ring mail         ||    38
Dodge: Dodged            ||    98

Table legend:
 A = Spawn XP
 B = Non-spawn XP
 C = Spawn XP percentage of total XP
 D = Spawn monster count
 E = Non-spawn monster count
 F = Spawn count percentage of total count
 G = Total turns spent on level
                    A         B        C        D         E        F      G
               +---------+---------+-------+---------+---------+-------+---------
         Total |       0 |      30 |   0.0 |       0 |      18 |   0.0 |   691
               +---------+---------+-------+---------+---------+-------+---------
           D:1 |       0 |      18 |   0.0 |       0 |      13 |   0.0 |   555
           D:2 |       0 |       8 |   0.0 |       0 |       3 |   0.0 |    74
           D:3 |       0 |       4 |   0.0 |       0 |       2 |   0.0 |    62
               +---------+---------+-------+---------+---------+-------+---------
